AoeStats
← Paioh

Arabia

503424587Analyzed
1v1 RM · 1mo ago on Aug 31, 2026· 40m 27s· 2 players
Game mode
Random Map
Map size
Tiny (2 player)
Population
200
Speed
Normal
Resources
Standard
Victory
Conquest
Starting age
Dark Age
Ending age
Imperial Age
RankedLock teamsTeams togetherTeam positionsShared explorationLock speedFull tech treeHidden civsTurbo modeCheats
Victory
Defeat
🇬🇧 Turks · United Kingdom
919
+42
🇧🇷 Vikings · Brazil
949
-51
pup11power
2:59 Loom
10:48 Feudal Age
11:33 Double-Bit Axe
11:32 Horse Collar
13:26 Wheelbarrow
13:12 Man-at-Arms
15:06 Scale Mail Armor
16:11 Forging
22:11 Castle Age
20:16 Town Watch
20:45 Fletching
21:08 Gold Mining
23:22 Chain Mail Armor
22:34 Long Swordsman
23:38 Stone Mining
25:27 Bodkin Arrow
28:01 Hand Cart
29:12 Squires
29:20 Heavy Plow
30:18 Bow Saw
31:43 Gold Shaft Mining
33:21 Iron Casting
33:58 Padded Archer Armor
33:43 Treadmill Crane
34:24 Ballistics
35:08 Leather Archer Armor
35:31 Murder Holes
38:13 Masonry
40:36 Imperial Age
Paioh
0:27 Loom
11:48 Feudal Age
11:52 Man-at-Arms
17:31 Forging
17:21 Scale Mail Armor
21:26 Horse Collar
21:39 Double-Bit Axe
22:39 Gold Mining
23:07 Arson
30:12 Castle Age
31:54 Bow Saw
32:23 Gold Shaft Mining
31:43 Stone Mining
31:46 Long Swordsman
32:11 Gambesons
32:46 Chain Mail Armor
33:06 Iron Casting
32:48 Loom
Connection lost

Rejoining the realm…

Still unreachable

The connection could not be restored.

Session expired

The server has moved on; the page needs a fresh start.